 Dungeon Crawl Stone Soup version 0.30-a0-389-g8d7d949f56 (webtiles) character file.

Game seed: 925169672758193625

147 Lobster4 the Trooper (level 5, -3/43 HPs)
             Began as a Human Wanderer on Dec 3, 2022.
             Succumbed to Crazy Yiuf's poison
             ... on level 2 of the Dungeon.
             The game lasted 00:06:36 (2432 turns).

Lobster4 the Trooper (Human Wanderer)               Turns: 2432, Time: 00:06:36

Health: -3/43      AC:  6    Str: 12    XL:     5   Next: 54%
Magic:  5/5        EV:  8    Int: 11    God:
Gold:   137        SH:  0    Dex: 16    Spells: 4/4 levels left

rFire   . . .      SeeInvis .    a - +1 rapier
rCold   . . .      Faith    .    (no shield)
rNeg    . . .      Spirit   .    d - +0 scale mail
rPois   .          Reflect  .    (no helmet)
rElec   .          Harm     .    (no cloak)
rCorr   .          Rampage  .    (no gloves)
Will    .....                    (no boots)
Stlth   +.........               (no amulet)
HPRegen 0.27/turn                (no ring)
MPRegen 0.09/turn                (no ring)

@: mighty, lethally poisoned (-3 -> -23)
A: no striking features
a: no special abilities


You were on level 2 of the Dungeon.
You visited 1 branch of the dungeon, and saw 3 of its levels.

You collected 137 gold pieces.

Inventory:

Hand Weapons
 a - a +1 rapier (weapon)
 i - a +2 whip of electrocution
 k - a +0 vorpal halberd
Missiles
 f - 2 poisoned darts
 h - 6 curare-tipped darts (quivered)
 j - 3 boomerangs
Armour
 c - a +0 ring mail
 d - a +0 scale mail (worn)
Scrolls
 g - 3 scrolls of teleportation


   Skills:
 + Level 4.4 Fighting
 - Level 3.0 Short Blades
 - Level 1.0 Throwing
 + Level 3.6 Armour
 - Level 2.0 Stealth
 - Level 1.0 Invocations


You had 4 spell levels left.
You didn't know any spells.
Your spell library contained the following spells:

 Spells                   Type           Power      Damage    Failure   Level
 Manifold Assault         Tloc           0%         N/A       100%        4
 Summon Forest            Summ/Tloc      0%         N/A       100%        5
 Dispersal                Tloc           0%         N/A       100%        6
 Eringya's Noxious Bog    Tmut/Pois      0%         N/A       100%        6
 Summon Hydra             Summ           0%         N/A       100%        7
 Disjunction              Tloc           0%         N/A       100%        8


Dungeon Overview and Level Annotations

Branches:
Dungeon (3/15)

Altars:
Okawaru

Annotations:
D:2 1 runed translucent door, Crazy Yiuf, Natasha


Message History

Natasha mumbles some strange words.
Things that are here:
a +0 spear; a gnoll corpse You see here a poisoned dart.
Natasha wildly gestures.
Natasha shimmers violently.
You see here a poisoned dart.
The white imp gestures at you. The puff of frost hits you!
You see here a poisoned dart.
Natasha stares at you and mumbles some strange words.
The magic dart hits you.
* * * LOW HITPOINT WARNING * * *
You see here a +2 whip of electrocution.
i - a +2 whip of electrocution
As you read the scroll of teleportation, it crumbles to dust.
You feel strangely unstable.
Things that are here:
a +0 vorpal halberd; a gnoll corpse
k - a +0 vorpal halberd The white imp gestures at you.
The puff of frost hits you.
* * * LOW HITPOINT WARNING * * *
Your surroundings suddenly seem different.
Crazy Yiuf shouts!
Crazy Yiuf completely misses you.
Okay, then.
You feel better. Crazy Yiuf closely misses you.
You hit Crazy Yiuf but do no damage.
Crazy Yiuf hits you with a +3 quarterstaff of chaos!
* * * LOW HITPOINT WARNING * * *
You puncture Crazy Yiuf!
Crazy Yiuf is moderately wounded.
Crazy Yiuf says, "Cards green tortoise!"
Crazy Yiuf hits you with a +3 quarterstaff of chaos!
* * * LOW HITPOINT WARNING * * *
You are lethally poisoned!
It was a potion of might.
You feel very mighty all of a sudden.
You die...

♣..P♣♣ #†#
♣♣.♣♣ ..#.#
♣.♣♣ #.#.#
♣♣.♣ #.#5#
♣.♣♣ #.#h#
♣♣.♣ #.#(##
##+##
##..).###.#
#...#
#.........#
#.@.#
#..(..###.#
#..g#
#..#.##
#####
#..#...
#..#####
#.. ...
##.. #..


You could see Crazy Yiuf.

Vanquished Creatures
  Natasha (D:2)
  An orc wizard (D:3)
  3 gnolls (D:2)
  An adder (D:3)
  2 worms
  A dart slug (D:1)
  4 orcs (D:3)
  2 ball pythons (D:1)
  2 endoplasms
  A giant cockroach (D:2)
  6 goblins
  5 hobgoblins
  2 jackals (D:3)
  2 quokkas
  6 bats
  A frilled lizard (D:3)
  5 rats
45 creatures vanquished.

Notes
Turn   | Place    | Note
-------+----------+-------------------------------------------
     0 | D:1      | Lobster4 the Human Wanderer began the quest for the Orb.
     0 | D:1      | Lobster4 set off with the following items: a +0 rapier, a
                  | potion of curing, a +0 ring mail, a scroll of fear.
     0 | D:1      | Reached XP level 1. HP: 18/18 MP: 1/1
   122 | D:1      | Found a faded altar of an unknown god.
   132 | D:1      | Reached XP level 2. HP: 24/24 MP: 2/2
   617 | D:2      | Reached XP level 3. HP: 29/29 MP: 3/3
   677 | D:2      | Found a runed translucent door.
   678 | D:2      | Noticed Crazy Yiuf
   722 | D:2      | Noticed Natasha
   739 | D:2      | Killed Natasha
   980 | D:3      | Reached XP level 4. HP: 14/37 MP: 4/4
  1322 | D:3      | Found an iron altar of Okawaru.
  1786 | D:3      | Reached skill level 1 in Throwing
  2068 | D:3      | HP: 1/37 [something/puff of flame (6)]
  2078 | D:3      | Reached skill level 4 in Fighting
  2078 | D:3      | Reached XP level 5. HP: 42/42 MP: 5/5
  2416 | D:2      | Noticed Natasha
  2431 | D:2      | HP: 2/43 [Crazy Yiuf/+3 quarterstaff of chaos (8)]
  2432 | D:2      | Succumbed to Crazy Yiuf's poison

Illustrated notes

Levels and vault maps discovered:
D:1:      lightli_arrival_maybe_door_vault, layout_loops_ring,
          ebering_ecumenical_altar_petrified
D:2:      layout_loops_ring, uniq_jessica, uniq_crazy_yiuf_cottage, uniq_natasha
D:3:      layout_basic, okawaru_trees_2, grunt_decor_cap,
          chequers_serial_rivers_micro_e

Skill      XL: |  1  2  3  4 |
---------------+-------------+-----
Stealth        | 2 |  2.0
Armour         | 3 |  3.6
Throwing       | 1 |  1.0
Fighting       | 4 |  4.4
Short Blades   | |  3.0
Invocations    | |  1.0

Action                   |  1- 3 |  4- 6 || total
-------------------------+-------+-------++-------
Melee: Rapier            |    72 |   123 ||   195
       Punch             |       |     1 ||     1
Throw: Dart              |       |     8 ||     8
  Use: Scroll            |     1 |     7 ||     8
       Potion            |     1 |     4 ||     5
 Stab: Sleeping          |     2 |       ||     2
Armor: Ring mail         |    21 |    49 ||    70
       Scale mail        |       |     7 ||     7
Dodge: Dodged            |    31 |    75 ||   106

Table legend: (Time is in decaauts)
 A = Elapsed time spent in this place.
 B = Non-inter-level travel time spent in this place.
 C = Inter-level travel time spent in this place.
 D = Time resting spent in this place.
 E = Time spent auto-exploring this place.
 F = Levels seen in this place.
 G = Mean time per level.
                   A        B        C        D        E       F      G
               +--------+--------+--------+--------+--------+-----+--------+
         Total |   2451 |   2414 |     37 |    210 |   1598 |   3 |  817.0 |
       Dungeon |   2451 |   2414 |     37 |    210 |   1598 |   3 |  817.0 |
               +--------+--------+--------+--------+--------+-----+--------+

Top non-repeatable levels by time:
     D:3: 1184 daAuts
     D:2: 655 daAuts
     D:1: 611 daAuts
